[Event "Titled Tuesday Blitz March 01 Early 2022"]
[White "Zheenbekov, Nurgazy"]
[Black "Urazayev, Arystanbek"]
[WhiteFideId "13800485"]
[BlackFideId "13709810"]
[WhiteElo "1959"]
[BlackElo "2321"]
[Result "1-0"]
[Round "02"]
[TimeControl "180+1"]
[Date "2022.03.01"]
[WhiteClock "0:00:34"]
[BlackClock "0:01:38"]

1. e4 c5 2. Nf3 e6 3. d3 d5 4. Nbd2 Nf6 5. g3 Nc6 6. Bg2 Be7 7. O-O O-O 8. Qe2 b5 9. e5 Nd7 10. Re1 Qc7 11. h4 Bb7 12. h5 h6 13. c3 Rfc8 14. Nf1 Qd8 15. N1h2 Kh8 16. Ng4 Qg8 17. Bf4 Qh7 18. Qe3 a5 19. a4 b4 20. c4 Nb6 21. b3 Nd4 22. Nxd4 cxd4 23. Qxd4 Bc5 24. Qb2 Qxd3 25. Rad1 Qc3 26. Qb1 Rab8 27. Rd3 Qxe1+ 28. Qxe1 dxc4 29. bxc4 Bxg2 30. Kxg2 Nxa4 31. Bxh6 gxh6 32. Nf6 Be7 33. Qe3 Kg7 34. Rd7 Re8 35. Nxe8+ Rxe8 36. Qa7 Kf8 37. Qxa5 Nc3 38. c5 Nd5 39. c6 b3 40. Rb7 Rc8 41. Rxb3 Rxc6 42. Qa8+ 1-0


[Site "https://www.chess.com"]

[Event "Titled Tuesday Blitz March 01 Early 2022"]
[White "Zia, Tahsin Tajwar"]
[Black "Domingo Nunez, Alejandro"]
[WhiteFideId "10211888"]
[BlackFideId "22245561"]
[WhiteElo "1800"]
[BlackElo "2215"]
[Result "1-0"]
[Round "02"]
[TimeControl "180+1"]
[Date "2022.03.01"]
[WhiteClock "0:00:04"]
[BlackClock "0:00:02"]

1. d4 g6 2. c4 Bg7 3. Nc3 d6 4. Nf3 Nd7 5. g3 Ngf6 6. Bg2 O-O 7. O-O c5 8. d5 Rb8 9. e4 a6 10. a4 b6 11. Qe2 Ne8 12. Re1 Nc7 13. Bf4 f6 14. h4 Ne5 15. Nxe5 fxe5 16. Be3 Bd7 17. h5 Qe8 18. h6 Bf6 19. f4 b5 20. axb5 axb5 21. Ra7 Qc8 22. f5 b4 23. Nd1 gxf5 24. Qh5 Kh8 25. exf5 Rg8 26. g4 Ra8 27. Rxa8 Qxa8 28. g5 Ne8 29. g6 Qc8 30. Be4 Qa6 31. Kf2 Qxc4 32. Kf3 Qb3 33. Rg1 Bb5 34. g7+ Nxg7 35. hxg7+ Bxg7 36. Rh1 h6 37. Kf2 Qc4 38. Bxh6 Qd4+ 39. Kf3 1-0


[Site "https://www.chess.com"]

[Event "Titled Tuesday Blitz March 01 Early 2022"]
[White "milenapn"]
[Black "Guseva, Marina"]
[BlackFideId "4149351"]
[WhiteElo "2140"]
[BlackElo "2232"]
[Result "0-1"]
[Round "02"]
[TimeControl "180+1"]
[Date "2022.03.01"]
[WhiteClock "0:00:01"]
[BlackClock "0:00:13"]

1. e4 c5 2. Nf3 d6 3. d4 cxd4 4. Nxd4 Nf6 5. Nc3 a6 6. h3 e5 7. Nde2 Be7 8. g4 h6 9. Bg2 b5 10. O-O Bb7 11. Ng3 g6 12. Be3 Nbd7 13. Qd2 h5 14. g5 Nh7 15. h4 Nhf8 16. f4 exf4 17. Bxf4 Ne6 18. Be3 Ne5 19. b3 O-O 20. Nd5 Ng4 21. Bb6 Qd7 22. Nf5 Bxd5 23. Nxe7+ Qxe7 24. exd5 Ng7 25. Rae1 Qd7 26. Bd4 Rae8 27. Bh3 Rxe1 28. Qxe1 Re8 29. Qg3 Nf5 30. Qf4 Nxd4 31. Qxd4 Re5 32. Bxg4 hxg4 33. c4 bxc4 34. bxc4 Qe7 35. Qxg4 Re2 36. Qf3 Re4 37. Qf6 Rg4+ 38. Kf2 Qe4 0-1


[Site "https://www.chess.com"]

[Event "Titled Tuesday Blitz March 01 Early 2022"]
[White "Agasarov, Benik"]
[Black "Harris, Ian"]
[WhiteFideId "13314823"]
[BlackFideId "2020092"]
[WhiteElo "2581"]
[BlackElo "2373"]
[Result "1-0"]
[Round "03"]
[TimeControl "180+1"]
[Date "2022.03.01"]
[WhiteClock "0:02:10"]
[BlackClock "0:00:06"]

1. e4 e5 2. Nf3 Nc6 3. Bc4 Nf6 4. d3 h6 5. c3 d6 6. Nbd2 g5 7. Nf1 Bg7 8. Ng3 a5 9. a4 Be6 10. Bb5 O-O 11. O-O g4 12. Ne1 Kh7 13. Nc2 Nd7 14. Ne3 Nf6 15. Nef5 Bxf5 16. Nxf5 Rg8 17. Qd2 h5 18. Qg5 Bf8 19. Qh4 Rg6 20. Bg5 Bg7 21. Bc4 d5 22. Bxd5 Nxd5 23. Bxd8 Nf4 24. Bg5 Ne2+ 25. Kh1 f6 26. Qxh5+ Bh6 27. Bxh6 1-0


[Site "https://www.chess.com"]

[Event "Titled Tuesday Blitz March 01 Early 2022"]
[White "Agibileg, Uurtsaikh"]
[Black "Kukula, Pawel"]
[WhiteFideId "4901606"]
[BlackFideId "1115081"]
[WhiteElo "2205"]
[BlackElo "2203"]
[Result "1-0"]
[Round "03"]
[TimeControl "180+1"]
[Date "2022.03.01"]
[WhiteClock "0:00:17"]
[BlackClock "0:00:12"]

1. d4 Nf6 2. c4 d6 3. Nf3 Nbd7 4. Nc3 e5 5. e4 c6 6. Be2 Be7 7. O-O O-O 8. Qc2 a5 9. Rd1 Qc7 10. Rb1 Re8 11. h3 Bf8 12. Be3 exd4 13. Nxd4 Nc5 14. Bf3 Bd7 15. b3 Rad8 16. a3 Bc8 17. b4 axb4 18. axb4 Ne6 19. Nf5 Nd7 20. Na4 b6 21. Qc3 Be7 22. Bf4 Ne5 23. Bxe5 dxe5 24. Nxe7+ Rxe7 25. Rxd8+ Nxd8 26. c5 b5 27. Nb6 Be6 28. Ra1 f6 29. Ra8 Re8 30. Qd2 Kf8 31. Bh5 g6 32. Qh6+ Qg7 33. Qxg7+ Kxg7 34. Bg4 Bxg4 35. hxg4 Kf7 36. Rc8 h5 37. gxh5 gxh5 38. Kh2 h4 39. Kh3 Ne6 40. Rxc6 Ng5+ 41. Kxh4 Nxe4 42. f3 Rh8+ 43. Kg4 Nf2+ 44. Kg3 Nd3 45. Nd5 Rg8+ 46. Kh2 Rg6 47. g4 e4 48. fxe4 Rxg4 49. Rxf6+ Kg7 50. c6 Nxb4 51. c7 Nxd5 52. exd5 Rc4 53. Rc6 Rc1 1-0


[Site "https://www.chess.com"]

[Event "Titled Tuesday Blitz March 01 Early 2022"]
[White "Ahmadzada, Ahmad"]
[Black "Gunina, Valentina"]
[WhiteFideId "13413007"]
[BlackFideId "4167570"]
[WhiteElo "2228"]
[BlackElo "2465"]
[Result "0-1"]
[Round "03"]
[TimeControl "180+1"]
[Date "2022.03.01"]
[WhiteClock "0:00:04"]
[BlackClock "0:00:12"]

1. e4 c6 2. Nf3 d5 3. d3 Qc7 4. Nbd2 Bg4 5. g3 dxe4 6. dxe4 e5 7. Bg2 Nd7 8. O-O Ngf6 9. c3 h6 10. Qc2 Bc5 11. Nh4 O-O 12. Nf5 Bxf5 13. exf5 Rfe8 14. b4 Bf8 15. Nc4 Nb6 16. Na5 Rad8 17. a3 e4 18. c4 c5 19. Bf4 Qc8 20. Rab1 cxb4 21. axb4 Nbd5 22. Bd2 b6 23. Rfc1 Ne7 24. Nb3 Nxf5 25. Re1 Qe6 26. c5 bxc5 27. bxc5 Nd4 28. Nxd4 Rxd4 29. Rbc1 Rc8 30. Be3 Rd3 31. Red1 Nd5 32. Rxd3 exd3 33. Qxd3 Nxe3 34. Qxe3 Qxe3 35. fxe3 Bxc5 36. Rc3 a5 37. Kf2 Kf8 38. Bd5 Ke7 39. Bb3 f6 40. Kf3 Rc7 41. Ke4 Kd6 42. Rd3+ Kc6 43. Ba4+ Kb6 44. Kf5 Re7 45. e4 Re5+ 46. Kg6 Rxe4 47. Bc2 Re7 48. Rb3+ Bb4 49. Rd3 Kc5 50. Rd8 Kc4 51. Bd3+ Kc3 52. Bb5 Re5 53. Bf1 Rg5+ 54. Kf7 a4 55. Rc8+ Kb2 56. Rb8 Kb3 57. Bh3 a3 58. Be6+ Kc3 59. Rc8+ Kd3 60. Rd8+ Ke3 61. Rb8 Bc5 62. Rb3+ Kf2 63. Rb5 Kg2 64. h4 Re5 65. Bc4 Kxg3 66. Kxg7 f5 67. Kf6 Bd4 68. Rxe5 Bxe5+ 69. Kxe5 f4 70. Ke4 f3 71. Kd4 f2 72. Kc3 Kxh4 73. Kb3 Kg3 74. Kxa3 h5 75. Kb3 Kg2 76. Kc3 h4 77. Bf1+ Kxf1 0-1


[Site "https://www.chess.com"]

[Event "Titled Tuesday Blitz March 01 Early 2022"]
[White "Alavi, Sayed Javad"]
[Black "Abdisalimov, Abdimalik"]
[WhiteFideId "12500607"]
[BlackFideId "14206323"]
[WhiteElo "2475"]
[BlackElo "2401"]
[Result "1-0"]
[Round "03"]
[TimeControl "180+1"]
[Date "2022.03.01"]
[WhiteClock "0:00:30"]
[BlackClock "0:00:03"]

1. e4 c5 2. Nf3 d6 3. d4 cxd4 4. Qxd4 Nc6 5. Bb5 a6 6. Bxc6+ bxc6 7. c4 e5 8. Qd3 Ne7 9. h4 f6 10. Nc3 Be6 11. Be3 d5 12. cxd5 cxd5 13. O-O-O d4 14. Bxd4 exd4 15. Nxd4 Bf7 16. Qg3 Qb8 17. f4 g6 18. Qg4 h5 19. Qf3 Bh6 20. g3 Ra7 21. e5 fxe5 22. Nc6 Qa8 23. Rd8+ Qxd8 24. Nxd8 Kxd8 25. Rd1+ Ke8 26. Qe3 Rd7 27. Qxe5 Rxd1+ 28. Nxd1 Rh7 29. Qb8+ Kd7 30. Qb7+ Kd8 31. Qxa6 Nc8 32. Ne3 Be8 33. Qf6+ 1-0


[Site "https://www.chess.com"]

[Event "Titled Tuesday Blitz March 01 Early 2022"]
[White "Aldokhin, Ivan"]
[Black "Abdyzhapar, Asylbek"]
[WhiteFideId "24115720"]
[BlackFideId "13800337"]
[WhiteElo "2231"]
[BlackElo "2331"]
[Result "0-1"]
[Round "03"]
[TimeControl "180+1"]
[Date "2022.03.01"]
[WhiteClock "0:00:02"]
[BlackClock "0:01:04"]

1. e4 c6 2. Nc3 d5 3. Nf3 Nf6 4. e5 Ne4 5. Ne2 Qb6 6. d4 e6 7. Ng3 c5 8. Bd3 cxd4 9. Nxe4 dxe4 10. Bxe4 Nc6 11. O-O Bd7 12. Bg5 h6 13. Bh4 Bc5 14. a3 Qc7 15. b4 Bb6 16. Bg3 Rd8 17. Qe2 O-O 18. Bd3 Ne7 19. Nh4 Bc6 20. Bf4 Ng6 21. Nxg6 fxg6 22. Bg3 g5 23. a4 a6 24. b5 axb5 25. axb5 Bd5 26. Qg4 Qf7 27. f4 Qe7 28. Rae1 Rf7 29. f5 Rdf8 30. f6 gxf6 31. exf6 Rxf6 32. Qh5 Rxf1+ 33. Rxf1 Rxf1+ 34. Kxf1 Qf7+ 35. Qxf7+ Kxf7 36. Be5 Bc5 37. Kf2 b6 38. g3 h5 39. h4 gxh4 40. gxh4 Bb7 41. Kg3 Bd5 42. Kf4 Be7 43. Kg3 Bf6 44. Bc7 e5 45. Bxb6 e4 46. Be2 Be5+ 47. Kh3 Kg6 48. Bc5 Ba2 49. b6 Bb1 50. b7 d3 51. cxd3 exd3 52. Bd1 Bc2 53. Bf3 d2 54. Ba7 Bf5+ 55. Kg2 Kf7 56. b8=Q Bxb8 57. Bxb8 Be4 58. Bxe4 d1=Q 59. Bg3 Qe2+ 60. Kh3 Qxe4 61. Kh2 Qg4 0-1


[Site "https://www.chess.com"]

[Event "Titled Tuesday Blitz March 01 Early 2022"]
[White "Al-Tarboush, Ward"]
[Black "Bintang, Rasyid A. Hidayat"]
[WhiteFideId "7601450"]
[BlackFideId "7105355"]
[WhiteElo "2276"]
[BlackElo "2344"]
[Result "1-0"]
[Round "03"]
[TimeControl "180+1"]
[Date "2022.03.01"]
[WhiteClock "0:01:00"]
[BlackClock "0:00:07"]

1. e4 d5 2. exd5 Nf6 3. Bb5+ Bd7 4. Bc4 Bg4 5. f3 Bf5 6. Nc3 Nbd7 7. g4 Nb6 8. d3 Bc8 9. Nge2 Nfxd5 10. Nxd5 Nxd5 11. Bg5 h6 12. Bd2 e6 13. h4 Be7 14. h5 Bh4+ 15. Kf1 Bf6 16. Nc3 b6 17. Qe2 Nxc3 18. bxc3 Bb7 19. d4 O-O 20. Rg1 c5 21. Be3 cxd4 22. cxd4 Rc8 23. f4 Qc7 24. Bd3 Rfd8 25. Rd1 Kf8 26. Qf2 Qc3 27. g5 Bxd4 28. gxh6 gxh6 29. f5 Bxe3 30. Qxe3 Qf6 31. Rd2 exf5 32. Rf2 Rc5 33. Qg3 Re5 34. Qf4 Re6 35. Qb4+ Red6 36. Rxf5 Qa1+ 37. Kf2 Qd4+ 38. Qxd4 Rxd4 39. Rg6 R4d6 40. Rg4 Ke7 41. Rgf4 f6 42. Rg4 Rf8 43. Bc4 Bd5 44. Bxd5 Rc8 45. Rg7+ Kf8 46. Rf7+ Ke8 47. R7xf6 Rxc2+ 48. Kg3 Rxf6 49. Rxf6 Rc5 50. Bf3 Rg5+ 51. Kf2 Ra5 52. Rxh6 Rxa2+ 53. Kg3 b5 54. Rh7 b4 55. Rb7 b3 56. h6 b2 57. h7 1-0


[Site "https://www.chess.com"]

[Event "Titled Tuesday Blitz March 01 Early 2022"]
[White "Aplommb"]
[Black "Kouskoutis, Georgios-Alexandros"]
[BlackFideId "4234049"]
[WhiteElo "2335"]
[BlackElo "2130"]
[Result "0-1"]
[Round "03"]
[TimeControl "180+1"]
[Date "2022.03.01"]
[WhiteClock "0:00:10"]
[BlackClock "0:00:07"]

1. d4 Nf6 2. c4 e6 3. Nc3 Bb4 4. Qc2 O-O 5. e4 d6 6. Bd3 Nc6 7. Ne2 e5 8. d5 Ne7 9. O-O Ng6 10. a3 Bxc3 11. Qxc3 b6 12. b4 a5 13. Bd2 Nd7 14. Be3 Ba6 15. Rac1 Qe7 16. c5 axb4 17. axb4 bxc5 18. Bxa6 Rxa6 19. bxc5 h6 20. Ng3 Nh4 21. cxd6 cxd6 22. Qc7 Qd8 23. Qxd8 Rxd8 24. Rc7 Nf6 25. Rfc1 Ra4 26. f3 Ra2 27. Bf2 g5 28. Nf1 Ng6 29. g3 g4 30. Kg2 gxf3+ 31. Kxf3 Ra3+ 32. Ne3 h5 33. h3 h4 34. g4 Nf4 35. Bxh4 Rxe3+ 36. Kxe3 Ng2+ 37. Kf2 Nxh4 38. Rc8 Rxc8 39. Rxc8+ Kg7 40. Ke3 Ng2+ 41. Kf3 Nf4 42. h4 Nd3 43. Rd8 Nc5 44. Rxd6 Nfxe4 45. Rc6 f6 46. d6 Kf7 47. d7 Ke7 48. g5 fxg5 49. h5 Kxd7 50. h6 g4+ 51. Kg2 Kxc6 52. h7 Kd5 53. h8=Q g3 54. Qa8+ Kd4 55. Qd8+ Ke3 56. Qb6 Kf4 57. Qh6+ Kf5 58. Qh5+ Ke6 59. Qe8+ Kd5 60. Kf3 Kd4 61. Qd8+ Kc3 62. Qa5+ Kc4 63. Qc7 Kd3 64. Qxe5 Kd2 65. Qd5+ Kc2 66. Qd4 Kb3 67. Qg7 Kc4 68. Ke3 Kb5 69. Kd4 Ne6+ 70. Kxe4 Nxg7 71. Kf3 Nf5 72. Kg2 Kc4 73. Kf3 Kd3 74. Kf4 Ke2 75. Kxf5 g2 76. Ke6 g1=Q 77. Kd5 Kd3 0-1


[Site "https://www.chess.com"]

[Event "Titled Tuesday Blitz March 01 Early 2022"]
[White "Araujo Filho, Luiz Antonio Coel"]
[Black "Moskvin, Anatoly"]
[WhiteFideId "2130661"]
[BlackFideId "24199990"]
[WhiteElo "2151"]
[BlackElo "2079"]
[Result "0-1"]
[Round "03"]
[TimeControl "180+1"]
[Date "2022.03.01"]
[WhiteClock "0:00:32"]
[BlackClock "0:00:38"]

1. d4 Nf6 2. Nf3 c5 3. e3 d5 4. c3 Nbd7 5. Nbd2 b6 6. Bd3 Bb7 7. Qe2 Ne4 8. O-O e6 9. Ne1 Bd6 10. f3 Bxh2+ 11. Kxh2 Qh4+ 12. Kg1 Ng3 13. Qd1 c4 14. Bc2 Nf6 15. b3 h5 16. bxc4 dxc4 17. Nxc4 Qh1+ 18. Kf2 Qxf1+ 19. Kxg3 h4+ 20. Kh3 Qh1# 0-1


[Site "https://www.chess.com"]

[Event "Titled Tuesday Blitz March 01 Early 2022"]
[White "Ardila, Oscar Humberto"]
[Black "Domingo Nunez, Alejandro"]
[WhiteFideId "4404742"]
[BlackFideId "22245561"]
[WhiteElo "1898"]
[BlackElo "2215"]
[Result "0-1"]
[Round "03"]
[TimeControl "180+1"]
[Date "2022.03.01"]
[WhiteClock "0:00:08"]
[BlackClock "0:00:38"]

1. d4 g6 2. e4 Bg7 3. Nf3 c6 4. Bd3 d5 5. e5 f6 6. O-O Nh6 7. Bxh6 Bxh6 8. exf6 exf6 9. Re1+ Kf7 10. c4 Re8 11. Rxe8 Qxe8 12. cxd5 cxd5 13. Nc3 Be6 14. Qb3 Qd7 15. Re1 Nc6 16. Na4 b6 17. Bb5 Qd6 18. Qc3 Ne7 19. Qd3 Rc8 20. a3 Bf5 21. Qb3 Bc2 22. Qa2 a6 23. Bxa6 Ra8 24. b3 Be4 25. Bb5 Rc8 26. Qe2 Rc2 27. Qd1 Qxa3 28. Bd3 Rc1 29. Qe2 Rxe1+ 30. Nxe1 Qxb3 31. Bxe4 dxe4 32. Nb2 b5 33. d5 Qxd5 34. Nd1 f5 35. Nc3 Qc4 36. Qxc4+ bxc4 37. Kf1 Bd2 38. Ke2 Bxc3 39. Nc2 Nd5 40. f3 exf3+ 41. Kxf3 Ke6 42. g4 fxg4+ 43. Kxg4 Ke5 44. h4 Ke4 45. Kg5 Bd2+ 46. Kg4 Ne3+ 47. Nxe3 Bxe3 48. h5 gxh5+ 49. Kxh5 c3 50. Kh4 c2 51. Kh5 c1=Q 52. Kg4 Qg1+ 53. Kh5 Qg5# 0-1


[Site "https://www.chess.com"]

[Event "Titled Tuesday Blitz March 01 Early 2022"]
[White "Artemenko, Oleg"]
[Black "Bilan, Danila"]
[WhiteFideId "14201798"]
[BlackFideId "24161918"]
[WhiteElo "2287"]
[BlackElo "2164"]
[Result "0-1"]
[Round "03"]
[TimeControl "180+1"]
[Date "2022.03.01"]
[WhiteClock "0:00:19"]
[BlackClock "0:00:13"]

1. d4 d5 2. Nc3 Nf6 3. Bf4 a6 4. e3 Bf5 5. f3 Bg6 6. g4 e6 7. h4 h6 8. Bd3 Bxd3 9. Qxd3 Bd6 10. Nge2 Nc6 11. O-O-O Qd7 12. g5 Nh5 13. Bxd6 Qxd6 14. g6 f5 15. e4 Nf4 16. Qe3 Nxe2+ 17. Nxe2 O-O-O 18. e5 Qe7 19. Nf4 Rhe8 20. Nh5 Rd7 21. Kb1 Kb8 22. f4 Rc8 23. Rh3 Na5 24. Qa3 Qxa3 25. Rxa3 Nc4 26. Rad3 b6 27. b3 Na5 28. Kb2 c5 29. c3 Kc7 30. R3d2 Kd8 31. Rc1 Ke8 32. Ng3 Rdc7 33. Rcc2 Ke7 34. Nf1 Ke8 35. Ne3 Ke7 36. a4 Kd7 37. Ka2 Ke7 38. dxc5 bxc5 39. Nd1 Rb8 40. b4 Nc4 41. Rd3 cxb4 42. cxb4 Rxb4 43. Nc3 Rcb7 44. Ka1 a5 45. Rd1 Rb3 46. Rdc1 Ra3+ 47. Ra2 Rab3 48. Nb5 Rb4 49. Rc3 Rb6 50. Rc1 Rb7 51. h5 Rb6 52. Na3 Nxa3 53. Rxa3 Rb3 54. Rxb3 Rxb3 55. Rc7+ Kf8 56. Rf7+ Kg8 57. Re7 Kf8 58. Rxe6 Ra3+ 59. Kb2 Rxa4 60. Rd6 Rxf4 61. Rd8+ Ke7 62. Rg8 Rh4 63. Rxg7+ Ke6 64. Ra7 Rxh5 65. g7 Rg5 66. Kc3 Kxe5 67. Kd3 Kf6 68. Rxa5 Rxg7 69. Ra6+ Kg5 70. Kd4 Re7 71. Kxd5 h5 72. Ra8 h4 73. Rh8 Kg4 74. Kd4 f4 75. Kd3 f3 76. Rg8+ Kh3 77. Rg7 Rxg7 0-1


[Site "https://www.chess.com"]

[Event "Titled Tuesday Blitz March 01 Early 2022"]
[White "Astasio Lopez, David"]
[Black "Gatterer, Florian"]
[WhiteFideId "2230208"]
[BlackFideId "811688"]
[WhiteElo "2355"]
[BlackElo "2218"]
[Result "1-0"]
[Round "03"]
[TimeControl "180+1"]
[Date "2022.03.01"]
[WhiteClock "0:00:10"]
[BlackClock "0:00:05"]

1. d4 Nf6 2. Nf3 e6 3. Nbd2 d5 4. e3 Be7 5. Bd3 b6 6. e4 dxe4 7. Nxe4 Nbd7 8. O-O Bb7 9. Neg5 h6 10. Nh3 g5 11. Ne5 Nxe5 12. dxe5 Qd5 13. f3 Qxe5 14. Re1 Qd6 15. Qe2 O-O-O 16. a4 a5 17. Be3 Nd5 18. Bf2 Nf4 19. Nxf4 Qxf4 20. Bg3 Qd4+ 21. Kh1 Bd6 22. Bf2 Qg7 23. Ba6 h5 24. Rad1 Kb8 25. Bxb7 Kxb7 26. Qe4+ c6 27. Rd3 Bc7 28. Rc3 Rd6 29. Bg3 Rd5 30. Bxc7 Kxc7 31. Qc4 c5 32. Qa6 Rb8 33. Rce3 Qd4 34. h3 h4 35. Qb5 Rbd8 36. Qa6 Rb8 37. Qb5 Rbd8 38. c3 Qf4 39. Qa6 Rb8 40. Qa7+ Rb7 41. Qa8 Rb8 42. Qa7+ Rb7 43. Qa6 Qd6 44. Qc4 Rb8 45. Qe4 Rd8 46. Qh7 Rd7 47. Qg8 Qf4 48. Qa8 Rd8 49. Qa7+ Kc6 50. Qa6 Kc7 51. Qa7+ Kc6 52. Re4 Qd2 53. Qa6 Kc7 54. Qa7+ Kc6 55. b4 axb4 56. cxb4 cxb4 57. Qa6 Rc5 58. Qa7 Rd7 59. Qa8+ Kc7 60. Qa7+ Kc6 61. Qb8 Rcd5 62. Qc8+ Rc7 63. Qa8+ Kd7 64. Qf8 Qc3 65. Qxf7+ Kc6 66. Qxe6+ Rd6 67. Qe8+ Kb7 68. Re7 Rc6 69. Rxc7+ Rxc7 70. Qe4+ Qc6 71. Qe5 Qc5 72. Qe6 Qc6 73. Qe3 Qc3 74. Qe4+ Qc6 75. Qe3 Qc5 76. Qe2 Qc3 77. Rd1 Ka7 78. Qb5 b3 79. a5 bxa5 80. Rd5 Qc1+ 81. Kh2 Qf4+ 82. Kg1 Qc1+ 83. Kf2 Qc2+ 84. Ke3 Qc3+ 85. Ke4 Qc4+ 86. Ke5 Qxb5 87. Rxb5 Rb7 88. Rxa5+ Kb8 89. Ra1 b2 90. Rb1 Rb6 91. Kf5 Rb5+ 92. Kg4 Ka7 93. f4 Ka6 94. fxg5 Ka5 95. Kxh4 Ka4 96. g6 Ka3 97. g7 Rb8 98. Kh5 Ka2 99. Rxb2+ Kxb2 100. Kh6 Kc3 101. g4 Kd4 102. g5 Ke5 103. h4 Kf5 104. h5 Ke6 105. Kh7 Kf5 106. g6 Kg5 107. h6 Rb7 108. Kh8 Kxh6 109. g8=Q Rc7 110. Qh7+ Rxh7+ 111. gxh7 Kg6 112. Kg8 Kf6 113. h8=Q+ 1-0


[Site "https://www.chess.com"]

[Event "Titled Tuesday Blitz March 01 Early 2022"]
[White "Balaji, Aaravamudhan"]
[Black "Krylov, Ivan"]
[WhiteFideId "436224"]
[BlackFideId "24128066"]
[WhiteElo "2085"]
[BlackElo "2258"]
[Result "1-0"]
[Round "03"]
[TimeControl "180+1"]
[Date "2022.03.01"]
[WhiteClock "0:00:46"]
[BlackClock "0:00:56"]

1. c4 e6 2. Nf3 d5 3. g3 Nf6 4. Bg2 Be7 5. O-O O-O 6. b3 c6 7. Bb2 b6 8. d4 Bb7 9. Nbd2 Nbd7 10. Qc2 dxc4 11. Nxc4 c5 12. Rfd1 Qc7 13. Rac1 Rac8 14. Qb1 Qb8 15. Qa1 Rfd8 16. dxc5 Nxc5 17. Be5 Qa8 18. Nd6 Bxd6 19. Rxd6 Rxd6 20. Bxd6 Nce4 21. Be5 Ng4 22. Bxg7 Rxc1+ 23. Qxc1 Kxg7 24. Qf4 Ngxf2 25. Ng5 Nxg5 26. Qxg5+ Kf8 27. Qh6+ Ke7 28. Qh4+ Ke8 29. Qa4+ Kf8 30. Qb4+ Ke8 31. Qb5+ Kf8 32. Bxb7 Qxb7 33. Kxf2 Ke7 34. Qg5+ Kd6 35. Qd8+ Ke5 36. Qh8+ f6 37. Qe8 Qc7 38. b4 a6 39. a3 b5 40. Qh5+ f5 41. Qh4 Qb6+ 42. Kf1 Qb7 43. Kf2 Qb6+ 44. e3 Qb7 45. Qd4# 1-0


[Site "https://www.chess.com"]

[Event "Titled Tuesday Blitz March 01 Early 2022"]
[White "Bambino Filho, Antonio Carlos"]
[Black "Pischal, Yulia"]
[WhiteFideId "2113163"]
[BlackFideId "14102390"]
[WhiteElo "2460"]
[BlackElo "1931"]
[Result "0-1"]
[Round "03"]
[TimeControl "180+1"]
[Date "2022.03.01"]
[WhiteClock "0:01:14"]
[BlackClock "0:00:14"]

1. d4 f5 2. g3 Nf6 3. Bg2 g6 4. Nh3 Bg7 5. O-O O-O 6. c4 d6 7. d5 a5 8. Nc3 Na6 9. Nf4 Nc5 10. Be3 Nce4 11. Nxe4 Nxe4 12. Bd4 Nf6 13. Rc1 b6 14. Qd2 Rb8 15. Qe3 Ng4 16. Qc3 Ne5 17. b3 Qe8 18. Ne6 Bxe6 19. dxe6 Bf6 20. f4 Ng4 21. h3 Nh6 22. e4 Bxd4+ 23. Qxd4 Qc8 24. e5 Rd8 25. Rcd1 c6 26. exd6 Rxd6 27. Qe5 Rxe6 28. Rd8+ Qxd8 29. Qxe6+ Nf7 30. Bxc6 Qd4+ 31. Kg2 Qd6 32. Bd5 Qxe6 33. Bxe6 Kf8 34. Bxf7 Kxf7 35. Rd1 Rb7 36. Rd5 e6 37. Rd6 Ke7 38. Rc6 Kd7 0-1


[Site "https://www.chess.com"]

[Event "Titled Tuesday Blitz March 01 Early 2022"]
[White "Barbashin, Igor"]
[Black "Martic, Ivan"]
[WhiteFideId "4155718"]
[BlackFideId "929301"]
[WhiteElo "2138"]
[BlackElo "2290"]
[Result "0-1"]
[Round "03"]
[TimeControl "180+1"]
[Date "2022.03.01"]
[WhiteClock "0:00:09"]
[BlackClock "0:01:24"]

1. d4 Nf6 2. c4 g6 3. Nf3 Bg7 4. g3 O-O 5. Bg2 d6 6. O-O Nc6 7. Nc3 Rb8 8. b3 a6 9. a4 e5 10. e3 Bg4 11. h3 Bxf3 12. Bxf3 exd4 13. exd4 Nd7 14. Be3 Re8 15. Qd2 Ne7 16. Bg4 Nf6 17. Rfe1 h5 18. Bf3 Nf5 19. Bg5 Qd7 20. Rxe8+ Rxe8 21. Bxb7 Nxd4 22. Qxd4 Nh7 23. Qd5 Re5 24. Qd2 Nxg5 25. Bg2 Nxh3+ 26. Bxh3 Qxh3 27. Re1 h4 28. Rxe5 Bxe5 29. Ne4 hxg3 30. fxg3 Bxg3 31. Qg2 Qxg2+ 32. Kxg2 Be5 33. c5 Kf8 34. b4 Ke7 35. b5 axb5 36. a5 Kd7 37. a6 Kc6 38. cxd6 cxd6 39. Ng5 f6 40. Nf3 Kb6 0-1


[Site "https://www.chess.com"]

[Event "Titled Tuesday Blitz March 01 Early 2022"]
[White "Bashirli, Nail"]
[Black "Roux, Baptiste"]
[WhiteFideId "13406809"]
[BlackFideId "36017450"]
[WhiteElo "2333"]
[BlackElo "1935"]
[Result "1-0"]
[Round "03"]
[TimeControl "180+1"]
[Date "2022.03.01"]
[WhiteClock "0:02:33"]
[BlackClock "0:00:09"]

1. Nf3 d5 2. b3 c5 3. Bb2 Nc6 4. e3 b6 5. Bb5 Bb7 6. d4 a6 7. Bd3 e6 8. O-O Nf6 9. c4 dxc4 10. bxc4 Be7 11. Nc3 O-O 12. d5 exd5 13. cxd5 Nb4 14. e4 Re8 15. Bb1 Bd6 16. a3 Nc6 17. dxc6 Bxc6 18. Re1 Ng4 19. h3 Ne5 20. Nxe5 Bxe5 21. Qc2 Qg5 22. Ba2 Bd7 23. Qb3 Qf4 24. g3 Qf3 25. Nd5 Qh5 26. Bxe5 Bxh3 27. Nf4 Qxe5 28. Qxf7+ Kh8 29. Nxh3 Rf8 30. Qd5 Qf6 31. Nf4 g5 32. e5 Qf5 33. e6 Qf6 34. e7 1-0


[Site "https://www.chess.com"]

[Event "Titled Tuesday Blitz March 01 Early 2022"]
[White "Beerdsen, Thomas"]
[Black "Nakamura, Hikaru"]
[WhiteFideId "1030108"]
[BlackFideId "2016192"]
[WhiteElo "2760"]
[BlackElo "3173"]
[Result "1-0"]
[Round "03"]
[TimeControl "180+1"]
[Date "2022.03.01"]
[WhiteClock "0:00:12"]
[BlackClock "0:00:02"]

1. e4 g6 2. d4 Bg7 3. Nf3 a6 4. Bc4 b5 5. Bb3 Bb7 6. O-O d6 7. Re1 e6 8. a4 Nd7 9. Bg5 Ne7 10. c3 h6 11. Bh4 c5 12. Bc2 e5 13. dxc5 Nxc5 14. axb5 axb5 15. Rxa8 Bxa8 16. Na3 Bc6 17. Qe2 Qd7 18. Rd1 O-O 19. Bg3 Qc7 20. b4 Ne6 21. Bb3 Qb8 22. h4 Kh8 23. Qd3 Rd8 24. Bxe6 fxe6 25. Nxe5 Be8 26. Nf3 Nc8 27. Nd4 Bd7 28. Ndxb5 Qa8 29. Nxd6 Nxd6 30. Bxd6 Bc6 31. Nc4 Bxe4 32. Qg3 Kh7 33. Ne3 Bxc3 34. Qf4 Bg7 35. Rc1 Rd7 36. Be5 Bf5 37. Bxg7 Rxg7 38. Rc7 Qa1+ 39. Kh2 Qf6 40. Rxg7+ Kxg7 41. Qc7+ Kg8 42. Qg3 g5 43. f4 Kh7 44. hxg5 hxg5 45. Qxg5 Qf8 46. Nxf5 exf5 47. b5 Qc5 48. b6 Qxb6 49. Qxf5+ Kh8 50. Qg5 Kh7 51. f5 Qd6+ 52. g3 Qd5 53. Qh5+ Kg8 54. Qg5+ Kh8 55. Qf4 Kg7 56. Kh3 Qh1+ 57. Kg4 Qd1+ 58. Kg5 Qd5 59. Qc7+ Kh8 60. g4 Qg8+ 61. Kf4 Qa2 62. f6 Qd2+ 63. Kf5 Qd5+ 64. Kg6 Qe4+ 65. Kg5 Qe3+ 66. Qf4 Qc5+ 67. Kh4 Qc8 68. Qh6+ Kg8 69. Qg7# 1-0


[Site "https://www.chess.com"]

[Event "Titled Tuesday Blitz March 01 Early 2022"]
[White "Belyakov, Bogdan"]
[Black "Rostovtsev, Dmitry"]
[WhiteFideId "24104795"]
[BlackFideId "34278320"]
[WhiteElo "2407"]
[BlackElo "2218"]
[Result "1-0"]
[Round "03"]
[TimeControl "180+1"]
[Date "2022.03.01"]
[WhiteClock "0:00:14"]
[BlackClock "0:00:02"]

1. e4 c5 2. c3 Nf6 3. e5 Nd5 4. d4 cxd4 5. cxd4 d6 6. Nf3 Nc6 7. Bc4 Nb6 8. Bb5 dxe5 9. Nxe5 Bd7 10. Bxc6 Bxc6 11. Nxc6 bxc6 12. O-O g6 13. Re1 Bg7 14. Bg5 O-O 15. Bxe7 Qxd4 16. Nc3 Rfe8 17. Qf3 Nc4 18. Rad1 Qb6 19. Rd7 Ne5 20. Rxe5 Bxe5 21. g3 Qxb2 22. Ne4 Qxa2 23. Bf6 Re6 24. Bxe5 Rxe5 25. Nf6+ Kg7 26. Ng4 Re1+ 27. Kg2 Qe6 28. Qc3+ Re5 29. Qxe5+ Qxe5 30. Nxe5 a5 31. Rxf7+ Kg8 32. Rf3 a4 33. Ra3 c5 34. Nc4 Ra6 35. Kf3 Kf7 36. Ke4 Ke6 37. Kd3 Kd5 38. Kc3 Rf6 39. f4 Re6 40. Rxa4 Re2 41. Kd3 Rxh2 42. Ne3+ Kc6 43. Ra6+ Kb5 44. Rf6 Rh3 45. g4 Kb4 46. Ke4 c4 47. Rc6 c3 48. Nd5+ Kb5 49. Rxc3 Rh4 50. g5 h6 51. gxh6 g5 52. Rc7 g4 53. h7 g3 54. Rg7 g2 55. Rxg2 Rxh7 56. f5 Kc5 57. Rg6 Rh4+ 58. Ke5 Rh1 59. Ne3 Re1 60. Rg3 Kc6 61. Ke6 Kc7 62. f6 Kd8 63. f7 1-0


[Site "https://www.chess.com"]